[Event "Argentine Youth-Junior-ch 2025"]
[Site "Mar del Plata"]
[Date "2025.04.16"]
[Round "3.1"]
[White "Lieby, Camilo Julian"]
[Black "Unhold, Valentin"]
[Result "0-1"]
[Annotator "RC"]
[ECO "C02"]
[WhiteElo "1969"]
[BlackElo "2149"]
[PlyCount "92"]
[EventDate "2025.04.14"]
[EventType "swiss"]
[EventCountry "ARG"]
[SourceTitle "playchess.com"]
[Source "ChessBase"]
[SourceQuality "1"]
[TimeControl "3600+30"]

1. e4 e6 2. d4 d5 3. e5 c5 4. c3 Qb6 5. Nf3 Bd7 6. a3 Bb5 7. b4 cxd4 8. Bxb5+ Qxb5 9. cxd4 Nd7 10. Nc3 Qc6 11. Bb2 Nb6 12. O-O Nh6 13. Rc1 Nc4 14. b5 Qd7 15. Qb3 Be7 16. Rc2 O-O 17. Rfc1 Nf5 18. Ne2 a6 19. b6 Qb5 20. Qxb5 axb5 21. Ra1 b4 22. axb4 Nxb2 23. Rxa8 Rxa8 24. g4 Nxd4 25. Nexd4 Nc4 26. b5 Bc5 27. Nb3 Bxb6 28. Nbd2 Nxd2 29. Nxd2 Kf8 30. Kg2 Ke7 31. Nb3 Kd7 32. Rc3 Ra2 33. Rf3 Ke7 34. h3 Rb2 35. g5 Bc7 36. Re3 Bxe5 37. b6 f6 38. gxf6+ gxf6 39. Kf3 Kd7 40. Nc5+ Ke7 41. Nxb7 Bd4 42. Rd3 Bxb6 43. Kg4 Rb5 44. f4 Bc7 45. f5 Rxb7 46. fxe6 Kxe6 0-1

[Event "Argentine Youth-Junior-ch 2025"]
[Site "Mar del Plata"]
[Date "2025.04.16"]
[Round "3.2"]
[White "Scarsi, Anna Laura"]
[Black "Moro Saidon, Gonzalo"]
[Result "1-0"]
[Annotator "RC"]
[ECO "B51"]
[WhiteElo "2144"]
[BlackElo "2076"]
[PlyCount "65"]
[EventDate "2025.04.14"]
[EventType "swiss"]
[EventCountry "ARG"]
[SourceTitle "playchess.com"]
[Source "ChessBase"]
[SourceQuality "1"]
[TimeControl "3600+30"]

1. e4 c5 2. Nf3 d6 3. Bb5+ Nd7 4. c3 Ngf6 5. Bd3 a6 6. Bc2 c4 7. a4 e6 8. Qe2 Qc7 9. Na3 d5 10. exd5 Bxa3 11. dxe6 Be7 12. exd7+ Bxd7 13. O-O Ng4 14. h3 h5 15. b3 Be6 16. bxc4 Bxc4 17. Bd3 Be6 18. Re1 Bc5 19. Rf1 O-O-O 20. Be4 Rh6 21. d4 Rf6 22. hxg4 hxg4 23. Ne5 g3 24. dxc5 Rh8 25. Bg5 gxf2+ 26. Rxf2 Rxf2 27. Kxf2 Qxc5+ 28. Qe3 Qd6 29. Nd3 Rh5 30. Bf3 Rxg5 31. Qxg5 Qxd3 32. Qe3 Qc2+ 33. Kg1 1-0

[Event "Argentine Youth-Junior-ch 2025"]
[Site "Mar del Plata"]
[Date "2025.04.16"]
[Round "3.3"]
[White "Deichmann, Esteban Horacio"]
[Black "Salomon Ferreyra, Jose Bautista"]
[Result "1-0"]
[Annotator "NA RC"]
[ECO "C28"]
[WhiteElo "2028"]
[BlackElo "1830"]
[PlyCount "87"]
[EventDate "2025.04.14"]
[EventType "swiss"]
[EventCountry "ARG"]
[SourceTitle "playchess.com"]
[Source "ChessBase"]
[SourceQuality "1"]
[TimeControl "3600+30"]

1. e4 e5 2. Nc3 Nf6 3. Bc4 Nc6 4. d3 h6 5. Nge2 Bc5 6. h3 d6 7. Na4 Qe7 8. c3 a6 9. Nxc5 dxc5 10. Ng3 b5 11. Bd5 Qd6 12. c4 Nxd5 13. cxd5 Nd4 14. O-O g5 15. Be3 Bd7 16. Nh5 O-O-O 17. Bxd4 exd4 18. g4 Rhg8 19. Qf3 f5 20. gxf5 g4 21. hxg4 Be8 22. Kh1 Rg5 23. Rg1 Bf7 24. Rg3 c6 25. Re1 Re8 26. dxc6 Qxc6 27. Nf4 c4 28. Rc1 c3 29. Ne2 h5 30. Nxd4 Qh6 31. Rxc3+ Bc4 32. Qg2 hxg4+ 33. Kg1 Rh8 34. dxc4 Rh5 35. cxb5+ Kd7 36. Rh3 gxh3 37. Qh2 Rg5+ 38. Kh1 Rc8 39. Rxc8 Kxc8 40. Ne6 Rg7 41. Nxg7 Qc1+ 42. Qg1 Qf4 43. Ne6 Qxe4+ 44. Kh2 1-0

[Event "Argentine Youth-Junior-ch 2025"]
[Site "Mar del Plata"]
[Date "2025.04.16"]
[Round "3.4"]
[White "Baez, Santino"]
[Black "Fuentes, Agustin"]
[Result "0-1"]
[Annotator "NA RC"]
[ECO "C64"]
[WhiteElo "1763"]
[BlackElo "2006"]
[PlyCount "80"]
[EventDate "2025.04.14"]
[EventType "swiss"]
[EventCountry "ARG"]
[SourceTitle "playchess.com"]
[Source "ChessBase"]
[SourceQuality "1"]
[TimeControl "3600+30"]

1. e4 e5 2. Nf3 Nc6 3. Bb5 a6 4. Ba4 Bc5 5. O-O Nge7 6. c3 Ba7 7. d4 Ng6 8. Bg5 f6 9. Be3 O-O 10. Nbd2 exd4 11. Nxd4 Nxd4 12. cxd4 Kh8 13. Qh5 d5 14. exd5 Ne7 15. Bb3 Nf5 16. Rae1 g6 17. Qf3 Bxd4 18. g4 Nxe3 19. fxe3 Bxb2 20. Nc4 Bc3 21. Rc1 Bb4 22. Bc2 Qe7 23. Qh3 Kg7 24. Bd3 b5 25. Nb2 Bd2 26. Rc6 Qxe3+ 27. Kg2 Qxh3+ 28. Kxh3 Rf7 29. Rf2 Bg5 30. Kg3 Bb7 31. Rc3 Bxd5 32. Rfc2 c6 33. h4 b4 34. Rxc6 Bxc6 35. hxg5 Bd5 36. gxf6+ Rxf6 37. Be2 Bxa2 38. Rc7+ Rf7 39. Rc6 a5 40. Bf3 Rxf3+ 0-1

[Event "Argentine Youth-Junior-ch 2025"]
[Site "Mar del Plata"]
[Date "2025.04.16"]
[Round "3.5"]
[White "Cardona Martinez, Lina Sofia"]
[Black "Gaite, Karen Nerina"]
[Result "0-1"]
[Annotator "NA RC"]
[ECO "C54"]
[WhiteElo "1914"]
[BlackElo "2031"]
[PlyCount "60"]
[EventDate "2025.04.14"]
[EventType "swiss"]
[EventCountry "ARG"]
[SourceTitle "playchess.com"]
[Source "ChessBase"]
[SourceQuality "1"]
[TimeControl "3600+30"]

1. e4 e5 2. Nf3 Nc6 3. Bc4 Bc5 4. c3 Nf6 5. d3 a5 6. O-O d6 7. h3 O-O 8. d4 Bb6 9. Re1 h6 10. b3 Re8 11. Qd3 exd4 12. cxd4 Nb4 13. Qd2 Nxe4 14. Qb2 d5 15. Bb5 c6 16. Bf1 Qf6 17. a3 Na6 18. Be3 Nac5 19. Qc2 Ne6 20. Re2 Nxd4 21. Bxd4 Bxd4 22. Nxd4 Qxd4 23. Nc3 Bf5 24. Rd1 Qxc3 25. Qxc3 Nxc3 26. Rxe8+ Rxe8 27. Rc1 d4 28. g4 Be6 29. Bc4 Bxc4 30. bxc4 Ne2+ 0-1

[Event "Argentine Youth-Junior-ch 2025"]
[Site "Mar del Plata"]
[Date "2025.04.16"]
[Round "3.6"]
[White "Rojas, Agostina"]
[Black "Portillo, Luciana"]
[Result "0-1"]
[Annotator "NA RC"]
[ECO "D73"]
[WhiteElo "1703"]
[BlackElo "1667"]
[PlyCount "52"]
[EventDate "2025.04.14"]
[EventType "swiss"]
[EventCountry "ARG"]
[SourceTitle "playchess.com"]
[Source "ChessBase"]
[SourceQuality "1"]
[TimeControl "3600+30"]

1. d4 d5 2. Nf3 Nf6 3. g3 g6 4. Bg2 Bg7 5. c4 c6 6. O-O dxc4 7. Ne5 Be6 8. Nd2 Qxd4 9. Ndf3 Qxd1 10. Rxd1 Bd5 11. a4 Nbd7 12. Nxd7 Nxd7 13. Bh3 Nc5 14. Be3 Nb3 15. Rab1 O-O 16. Nd4 Be4 17. Nxb3 Bxb1 18. Nc5 Bc2 19. Rc1 Bb3 20. Nxb7 Bxb2 21. Rb1 c3 22. Bd4 c2 23. Bxa7 cxb1=Q+ 24. Kg2 Bd5+ 25. e4 Qxe4+ 26. Kg1 Qh1# 0-1

[Event "Argentine Youth-Junior-ch 2025"]
[Site "Mar del Plata"]
[Date "2025.04.16"]
[Round "3.7"]
[White "Bazan Romero, Octavio Aaron"]
[Black "Varela, Agustin"]
[Result "1-0"]
[Annotator "RC"]
[ECO "B12"]
[WhiteElo "2292"]
[BlackElo "1835"]
[PlyCount "65"]
[EventDate "2025.04.14"]
[EventType "swiss"]
[EventCountry "ARG"]
[SourceTitle "playchess.com"]
[Source "ChessBase"]
[SourceQuality "1"]
[TimeControl "3600+30"]

1. e4 c6 2. d4 d5 3. e5 Bf5 4. h4 h5 5. Bd3 Bxd3 6. Qxd3 e6 7. Nf3 Qa5+ 8. Nbd2 Nh6 9. O-O Qa6 10. c4 Nf5 11. b3 Bb4 12. a4 c5 13. dxc5 Bxc5 14. Qb1 dxc4 15. b4 Be7 16. b5 Qa5 17. Nxc4 Qc3 18. Qa2 O-O 19. Rd1 Rd8 20. Ba3 Nd7 21. Rac1 Nxe5 22. Rxd8+ Rxd8 23. Nfxe5 Qd4 24. Bxe7 Nxe7 25. Nf3 Qf4 26. Ne3 e5 27. Qc4 Rc8 28. Qf1 Qxa4 29. Rxc8+ Nxc8 30. Qd3 Qa5 31. Ng5 Qa1+ 32. Kh2 Qd4 33. Qh7+ 1-0

[Event "Argentine Youth-Junior-ch 2025"]
[Site "Mar del Plata"]
[Date "2025.04.16"]
[Round "3.8"]
[White "Rojas, Lautaro"]
[Black "Hilt, Juan Ignacio"]
[Result "1/2-1/2"]
[Annotator "NA RC"]
[ECO "C56"]
[WhiteElo "1865"]
[BlackElo "2035"]
[PlyCount "44"]
[EventDate "2025.04.14"]
[EventType "swiss"]
[EventCountry "ARG"]
[SourceTitle "playchess.com"]
[Source "ChessBase"]
[SourceQuality "1"]
[TimeControl "3600+30"]

1. e4 e5 2. Nf3 Nc6 3. d4 exd4 4. Bc4 Nf6 5. e5 d5 6. Bb5 Ne4 7. Nxd4 Bd7 8. Bxc6 bxc6 9. O-O Bc5 10. Be3 O-O 11. f3 Ng5 12. f4 Ne4 13. Nd2 Nxd2 14. Qxd2 f6 15. Nb3 Bb6 16. Nc5 Bf5 17. Rae1 fxe5 18. fxe5 Qe7 19. Qc3 a5 20. a4 Be6 21. Bd4 Rae8 22. b3 Ra8 1/2-1/2

[Event "Argentine Youth-Junior-ch 2025"]
[Site "Mar del Plata"]
[Date "2025.04.16"]
[Round "3.9"]
[White "Alvarez, Mia Morena"]
[Black "Fernandez Lazarte, Keyla Magali"]
[Result "1-0"]
[Annotator "NA RC"]
[ECO "B01"]
[WhiteElo "1819"]
[BlackElo "1591"]
[PlyCount "77"]
[EventDate "2025.04.14"]
[EventType "swiss"]
[EventCountry "ARG"]
[SourceTitle "playchess.com"]
[Source "ChessBase"]
[SourceQuality "1"]
[TimeControl "3600+30"]

1. e4 d5 2. exd5 Qxd5 3. Nc3 Qd6 4. g3 a6 5. Bg2 Nf6 6. d3 e6 7. Nf3 b5 8. Bf4 Qb6 9. Be3 Qc6 10. Nh4 Nd5 11. Qe2 Be7 12. Nf5 exf5 13. Bxd5 Qd6 14. Bxa8 Nc6 15. Bf4 Qd8 16. Bxc6+ Bd7 17. Bxd7+ Qxd7 18. O-O-O O-O 19. h4 h6 20. Qf3 b4 21. Nd5 Bd6 22. Bxd6 Qxd6 23. Qxf5 g6 24. Qf3 a5 25. h5 c6 26. Ne3 a4 27. Qf4 Qc5 28. hxg6 fxg6 29. Qc4+ Qxc4 30. Nxc4 Rxf2 31. Rxh6 Kg7 32. Rh4 g5 33. Re4 Rf3 34. g4 Rg3 35. Nd6 Kf6 36. Rxb4 Ke6 37. Nf5 Rf3 38. Re1+ Kf6 39. Rc4 1-0

[Event "Argentine Youth-Junior-ch 2025"]
[Site "Mar del Plata"]
[Date "2025.04.16"]
[Round "3.10"]
[White "Rodriguez, Elian Francisco"]
[Black "Panta, Joaquin"]
[Result "1-0"]
[Annotator "NA RC"]
[ECO "D36"]
[WhiteElo "2043"]
[BlackElo "1646"]
[PlyCount "71"]
[EventDate "2025.04.14"]
[EventType "swiss"]
[EventCountry "ARG"]
[SourceTitle "playchess.com"]
[Source "ChessBase"]
[SourceQuality "1"]
[TimeControl "3600+30"]

1. c4 e6 2. Nc3 d5 3. cxd5 exd5 4. d4 Nf6 5. Bg5 c6 6. e3 Bd6 7. Bd3 Nbd7 8. Nf3 O-O 9. Qc2 h6 10. Bh4 Re8 11. O-O Qc7 12. Rac1 a6 13. a3 b6 14. b4 Bb7 15. e4 Bf4 16. Bg3 Bxg3 17. hxg3 dxe4 18. Nxe4 Rad8 19. Rfd1 a5 20. b5 Nxe4 21. Bxe4 c5 22. Bf5 Bxf3 23. gxf3 Qb7 24. Bxd7 Rxd7 25. dxc5 Rxd1+ 26. Qxd1 bxc5 27. Rxc5 Qb6 28. Qd5 Qg6 29. Rc7 Qf6 30. Kg2 Rb8 31. a4 Rd8 32. Qc6 Qd4 33. b6 Qb2 34. Rc8 Qd4 35. Rxd8+ Qxd8 36. Qc7 1-0